 Dungeon Crawl Stone Soup version 0.30.1-9-gdf580d7c3d (webtiles) character file.

Game seed: 6675124358317936052

90663 croobank the Covert (level 16, -1/129 HPs)
             Began as a Gnoll Delver on Sept 30, 2023.
             Was an Initiate of Gozag.
             Slain by a starcursed mass (2 damage)
             ... on level 4 of the Abyss on Oct 2, 2023.
             The game lasted 02:30:03 (32347 turns).

croobank the Covert (Gnoll Delver)                 Turns: 32347, Time: 02:30:04

Health: -1/129     AC: 21    Str: 10 (11) XL:     16   Next: 1%
Magic:  1/30       EV: 20    Int: 22      God:    Gozag
Gold:   3587       SH: 11    Dex: 28 (29) Spells: 17/36 levels left

rFire   + + +        W - +6 rapier of Change {spect, rF+ rC+ Int+6 SInv}
rCold   + + .        v - +2 buckler
rNeg    . . .        E - quicksilver dragon scales
rPois   +            n - +2 helmet
rElec   +            S - scarf {repulsion}
rCorr   +            G - +0 pair of gloves
SInv    +            r - +2 pair of boots
Will    ++...        Z - amulet "Ynemuu" {Acrobat Harm Dex+9}
Stlth   ++++++       T - ring of protection from fire
HPRegen 0.41/turn    A - +6 ring of dexterity
MPRegen 0.22/turn

%: harm (+30% outgoing, +20% incoming), repel missiles, acrobat
@: mighty, resistant, afraid, hasted, invisible, unable to read, very quick
A: fangs 1, strong nose, distributed training, weak 1, [deterioration 1],
([teleportitis 2]), [inability to read after injury 2]
a: Renounce Religion, Potion Petition, Call Merchant, Bribe Branch


You were on level 4 of the Abyss.
You worshipped Gozag.
Gozag was most pleased with you.
You visited 4 branches of the dungeon, and saw 23 of its levels.
You visited the Abyss 1 time.
You also visited: Trove, Bailey and Gauntlet.

You collected 7718 gold pieces.
You spent 1611 gold pieces at shops.
You paid 2520 gold pieces to Gozag.

Inventory:

Hand Weapons
 b - the +8 sling of Tizoav {flame, Str+3 Dex+2}
   (You found it on level 4 of the Dungeon)

   Str:       It affects your strength (+3).
   Dex:       It affects your dexterity (+2).
 g - a +9 scimitar of flaming
 L - a +4 spear
 W - the +6 rapier of Change (weapon) {spect, rF+ rC+ Int+6 SInv}
   (You found it on level 10 of the Dungeon)

   Int:       It affects your intelligence (+6).
   rF:        It protects you from fire.
   rC:        It protects you from cold.
   SInv:      It lets you see invisible.
 Y - a +5 broad axe of electrocution
Missiles
 z - 7 silver javelins (quivered)
 Q - a throwing net
 U - 6 curare-tipped darts
Armour
 n - a +2 helmet (worn)
 r - a +2 pair of boots (worn)
 v - a +2 buckler (worn)
 E - quicksilver dragon scales (worn)
 G - a +0 pair of gloves (worn)
 R - the +3 leather armour of the Stopping Gods {rElec Dex+3 SInv}
   (You found it on level 10 of the Dungeon)

   Dex:       It affects your dexterity (+3).
   rElec:     It insulates you from electricity.
   SInv:      It lets you see invisible.
 S - a scarf of repulsion (worn)
Jewellery
 d - a +5 ring of evasion
 i - a ring of magical power
 l - a +6 ring of intelligence
 q - a ring of poison resistance
 t - the ring "Xogeu" {rElec rC+ rCorr SInv}
   (You found it in a Gauntlet)

   [ring of see invisible]

   rC:        It protects you from cold.
   rElec:     It insulates you from electricity.
   SInv:      It lets you see invisible.
   rCorr:     It protects you from acid and corrosion.
 x - the ring of Kiroosab {Fly rC+}
   (You acquired it on level 11 of the Dungeon)

   [ring of flight]

   rC:        It protects you from cold.
   Fly:       It grants you flight.
 A - a +6 ring of dexterity (right hand)
 C - the ring "Zewiaxea" {rF+ rN+ Str+6}
   (You found it in a Gauntlet)

   [ring of strength]

   Str:       It affects your strength (+6).
   rF:        It protects you from fire.
   rN:        It protects you from negative energy.
 K - a ring of protection from cold
 M - a ring of positive energy
 T - a ring of protection from fire (left hand)
 V - a ring of fire
 Z - the amulet "Ynemuu" (around neck) {Acrobat Harm Dex+9}
   (You found it in a treasure trove)

   [amulet of the acrobat]

   It increases your evasion while moving and waiting.
   Dex:       It affects your dexterity (+9).
   Harm:      It increases damage dealt and taken.
Wands
 m - a wand of digging (27)
 o - a wand of flame (19)
 y - a wand of charming (48)
 J - a wand of mindburst (4)
Scrolls
 a - 11 scrolls of teleportation
 c - 3 scrolls of blinking
 s - 4 scrolls of fear
 u - 2 scrolls of fog
 w - 4 scrolls of vulnerability
 B - a scroll of immolation
 O - 3 scrolls of magic mapping
 P - a scroll of poison
Potions
 h - 13 potions of curing
 D - 3 potions of attraction
 F - 3 potions of resistance
 H - 2 potions of might
 I - 2 potions of berserk rage
 N - 4 potions of mutation
 X - 2 potions of cancellation
Miscellaneous
 e - a lightning rod (4/4)
 j - a phantom mirror
 k - a condenser vane


   Skills:
 + Level 12.6 Fighting
 + Level 11.8 Short Blades
 + Level 10.9 Long Blades
 + Level 10.9 Axes
 + Level 10.9 Maces & Flails
 + Level 10.9 Polearms
 + Level 10.9 Staves
 + Level 10.9 Ranged Weapons
 + Level 10.9 Throwing
 + Level 10.9 Armour
 + Level 11.8 Dodging
 + Level 14.2 Stealth
 + Level 10.9 Shields
 + Level 10.9 Unarmed Combat
 + Level 10.9 Spellcasting
 + Level 9.2 Conjurations
 + Level 9.2 Hexes
 + Level 9.2 Summonings
 + Level 9.2 Necromancy
 + Level 9.2 Translocations
 + Level 9.2 Transmutations
 + Level 9.2 Fire Magic
 + Level 9.2 Ice Magic
 + Level 9.2 Air Magic
 + Level 9.2 Earth Magic
 + Level 9.2 Poison Magic
 + Level 11.8 Invocations
 + Level 10.9 Evocations


You had 17 spell levels left.
You knew the following spells:

 Your Spells              Type           Power      Damage    Failure   Level
a - Mephitic Cloud        Conj/Pois/Air  51%        N/A       1%          3
b - Call Imp              Summ           100%       N/A       1%          2
c - Call Canine Familiar  Summ           51%        N/A       1%          3
d - Summon Guardian Gole  Hex/Summ       51%        N/A       1%          3
e - Blink                 Tloc           100%       N/A       1%          2
f - Confusing Touch       Hex            51%        N/A       1%          3
g - Apportation           Tloc           100%       N/A       1%          1
h - Poisonous Vapours     Pois/Air       100%       N/A       1%          2

Your spell library contained the following spells:

 Spells                   Type           Power      Damage    Failure   Level
 Foxfire                  Conj/Fire      100%       2x1d9     1%          1
 Kiss of Death            Conj/Necr      100%       2d13      1%          1
 Magic Dart               Conj           100%       1d8       1%          1
 Necrotise                Necr           100%       1d9       1%          1
 Sting                    Tmut/Pois      100%       1d8       1%          1
 Summon Small Mammal      Summ           100%       N/A       1%          1
 Lesser Beckoning         Tloc           100%       N/A       1%          2
 Momentum Strike          Conj/Tloc      100%       3d10      1%          2
 Static Discharge         Conj/Air       100%       2-7/arc   1%          2
 Inner Flame              Hex/Fire       51%        N/A       1%          3
 Ozocubu's Armour         Ice            51%        N/A       1%          3
 Portal Projectile        Hex/Tloc       100%       N/A       1%          3
 Stone Arrow              Conj/Erth      100%       3d13      1%          3
 Tukima's Dance           Hex            51%        N/A       1%          3
 Vampiric Draining        Necr           51%        2d9       1%          3
 Vhi's Electric Charge    Tloc/Air       100%       N/A       1%          3
 Volatile Blastmotes      Fire/Tloc      100%       2d18      1%          3
 Anguish                  Hex/Necr       25%        N/A       3%          4
 Animate Armour           Summ/Erth      100%       N/A       3%          4
 Cause Fear               Hex            25%        N/A       3%          4
 Dispel Undead            Necr           51%        3d19      3%          4
 Flame Wave               Conj/Fire      51%        2d13      3%          4
 Manifold Assault         Tloc           51%        N/A       3%          4
 Olgreb's Toxic Radiance  Pois           51%        N/A       3%          4
 Passage of Golubria      Tloc           51%        N/A       3%          4
 Sticky Flame             Conj/Fire      51%        2d7       3%          4
 Agony                    Necr           51%        N/A       10%         5
 Arcjolt                  Conj/Air       25%        1d35      10%         5
 Blade Hands              Tmut           25%        N/A       10%         5
 Freezing Cloud           Conj/Ice/Air   25%        6-21      10%         5
 Irradiate                Conj/Tmut      25%        3d20      10%         5
 Yara's Violent Unravell  Hex/Tmut       25%        3d11      10%         5
 Dispersal                Tloc           25%        N/A       45%         6
 Dragon Form              Tmut           25%        N/A       96%         7
 Enfeeble                 Hex            25%        N/A       96%         7
 Orb of Destruction       Conj           25%        9d9       96%         7
 Ozocubu's Refrigeration  Ice            25%        4d13      96%         7
 Spellforged Servitor     Conj/Summ      25%        N/A       96%         7
 Disjunction              Tloc           25%        N/A       100%        8
 Lehudib's Crystal Spear  Conj/Erth      25%        10d7      100%        8
 Maxwell's Capacitive Co  Air            25%        ∞         100%        8
 Dragon's Call            Summ           25%        N/A       100%        9


Dungeon Overview and Level Annotations

Branches:
Dungeon (15/15)            Temple (1/1) D:7            Lair (5/5) D:11
 Shoals (0/4) Lair:3        Snake (0/4) Lair:3        Slime (0/5) Lair:5
    Orc (2/2) D:9             Elf (0/3) Orc:2        Vaults (0/5) D:13
 Depths (0/4) D:15         Bailey (visited)         Gauntlet (visited)

Altars:
Gozag
Hepliaklqana
Kikubaaqudgha
Makhleb
Uskayaw
Xom
The Shining One
Jiyva

Shops:
D:6 [!   D:8 [(=(   D:9 ([   D:14 *   Orc:1 *   Orc:2 :[(*

Annotations:
Abyss:4 1 transporter


Innate Abilities, Weirdness & Mutations

You have very sharp teeth.
Your uncanny sense of smell can sniff out nearby items.
Your experience applies equally to all skills.
You are weak. (Str -2)
[Your body sometimes deteriorates upon taking damage.]
[((You are often teleported next to monsters.))]
[You sometimes lose the ability to read scrolls when taking damage.]


Message History

The bolt of negative energy hits the starcursed mass.
The starcursed mass completely resists.
The bolt of negative energy misses you.
The bolt of negative energy hits the tentacled starspawn.
The tentacled starspawn completely resists.
You block the lorocyproca's attack.
The glowing orange brain pulsates.
You resist with almost no effort. The starcursed mass closely misses you.
The starspawn tentacle loses its grip on you.
The tentacled starspawn completely misses you.
The tentacled starspawn tentacle-slaps you but does no damage.
The starcursed mass attacks as you move away!
The starcursed mass touches you but does no damage.
A starcursed mass splits.
The starcursed mass completely misses you.
A cacophony of accursed wailing tears at your sanity!
* * * LOW HITPOINT WARNING * * *
You suddenly lose the ability to move!
The glowing orange brain pulsates.
Something tries to feed on your intellect!
A starcursed mass splits.
The starcursed mass touches you but does no damage.
A tentacle flies out from the starspawn's body!
You can move again.
A starspawn tentacle comes into view.
Okay, then. [a] - 210 gold - heal wounds and berserk rage [b] - 696 gold - haste, resistance and brilliance [c] - 832 gold - heal wounds, curing, resistance, might and haste Purchase which effect?
You feel much better.
You feel better.
You feel protected.
You feel mightier all of a sudden.
You feel yourself speed up.
A cacophony of accursed wailing tears at your sanity!
* * * LOW HITPOINT WARNING * * *
You shrug off the repeated paralysis!
You block the tentacled starspawn's attack. x2
A chaos spawn comes into view.
The starcursed mass touches you.
You die...
Your body crumbles into a pile of gold.

. ..#X #....#..
.##.. #..#..# .
..#.##.ZpZ.##
........4XZXX.# ....
..XXXXX#######. ...
..wGXXXXX.......
#......##..XX#..b...
#.w....##.2XX#...#..
..w........X@.......
...b.....X..########
....4.......
..............
.............
.........# ..##...
.. #...


You could see 14 starcursed masses, 3 tentacled starspawn, a lorocyproca
(invisible), a glowing orange brain (scary), a large abomination (unable to see
you), a necromancer (unable to see you), 2 chaos spawn, a seven-headed hydra
simulacrum (unable to see you), a harpy simulacrum (unable to see you) and a
spriggan defender simulacrum (unable to see you).

Vanquished Creatures
  Gastronok (Lair:1)
  Kirke (Lair:5)
  2 orc warlords
  The ghost of growler the Stormcaller, a journeyman TeAE of Hepliaklqana (Lair:5)
  A dire elephant (Lair:5)
  The ghost of Fiunamek the Anchorite, a journeyman HOFi of Zin (Lair:3)
  A spriggan zombie (Abyss:4)
  Fannar (Lair:3)
  An entropy weaver (shapeshifter) (D:14)
  4 hydras
  An ogre mage (Orc:2)
  A catoblepas (Lair:5)
  A merfolk avatar (Lair:5)
  7 centaur warriors
  5 boulder beetles
  4 two-headed ogres
  A tengu warrior (D:15)
  A thrashing horror (Gauntlet)
  Urug (Lair:5)
  An orc high priest (Orc:2)
  Nergalle (Orc:2)
  Sonja (Lair:1)
  A soul eater (Gauntlet)
  3 sea snakes (Lair:5)
  A wizard (D:14)
  9 ugly things
  2 deep elf pyromancers
  4 orc knights
  5 cyclopes
  4 orc sorcerers (Orc:2)
  A salamander (Lair:3)
  3 manticores
  5 black mambas
  A naga mage (D:15)
  9 elephants
  Maurice (D:8)
  8 cane toads
  A smoke demon (Abyss:3)
  A gargoyle (D:14)
  An unseen horror (D:12)
  2 torpor snails
  A rime drake (Lair:5)
  A centaur skeleton (D:15)
  5 komodo dragons
  A tengu conjurer (D:15)
  A freezing wraith (Abyss:3)
  A guardian mummy (D:11)
  4 hornets
  4 trolls
  A meliai (shapeshifter) (D:13)
  9 blink frogs
  Grinder (D:6)
  2 snapping turtles (Lair:5)
  7 dream sheep
  2 large abominations (Abyss:3)
  Sigmund (D:3)
  A spriggan (Bailey)
  2 culicivoras (shapeshifter)
  3 centaur simulacra (Gauntlet)
  15 slime creatures
  2 vampires
  55 yaks
  5 wyverns
  2 basilisks
  2 steam dragons
  7 small abominations
  A chaos spawn (Abyss:3)
  3 vampire mosquitoes (D:13)
  5 wargs
  3 acid dragons
  8 water moccasins
  2 meliai simulacra
  28 orc warriors
  An ice beast (D:4)
  3 black bears
  A sky beast (D:7)
  19 ogres
  18 centaurs
  4 wolves (Lair:2)
  A phantom (D:6)
  4 kobold brigands
  6 bullfrogs
  6 scorpions
  A cane toad simulacrum (Gauntlet)
  A wight (Abyss:3)
  3 killer bees
  3 howler monkeys
  6 electric eels (D:6)
  A crimson imp (D:14)
  2 hounds
  4 lava snakes (Lair:3)
  8 jellies
  14 orc priests
  A gnoll bouda (D:8)
  An iron imp (Abyss:3)
  A sleepcap (D:4)
  2 iguanas (D:5)
  25 orc wizards
  13 gnolls
  10 adders
  A nameless horror (D:9)
  2 shadow imps
  A white imp (D:5)
  A dart slug (D:1)
  74 orcs
  7 ball pythons
  2 bats (D:1)
  7 endoplasms
  2 giant cockroaches
  11 goblins
  7 hobgoblins
  4 jackals (D:2)
  A quokka (D:1)
  4 frilled lizards
  15 kobolds
  6 rats
  A spectral goblin (D:11)
591 creatures vanquished.

Vanquished Creatures (collateral kills)
  A hydra (Lair:5)
  A kobold demonologist (D:9)
  2 rime drakes
  A polar bear (Lair:5)
  A hornet (Lair:5)
  A slime creature (D:12)
  2 yaks
  A vampire (D:10)
  A water moccasin (Lair:5)
  A kobold brigand (D:9)
  A bullfrog (Lair:2)
  A killer bee (D:10)
  7 jellies (Lair:5)
  An orc priest (D:3)
  An orc wizard (D:9)
  A nameless horror (D:10)
  2 shadow imps (Gauntlet)
  9 orcs
  An endoplasm (Lair:5)
  A frilled lizard (D:3)
  12 kobolds
49 creatures vanquished.

Vanquished Creatures (others)
  A minotaur (Gauntlet)
  A hydra (Lair:4)
  A catoblepas (Lair:4)
  A wizard (D:13)
  An orc sorcerer (D:15)
  A cyclops (D:11)
  A naga mage (D:15)
  A kobold demonologist (D:11)
  A centaur skeleton (D:15)
  A cane toad (Lair:5)
  A rime drake (Lair:5)
  A freezing wraith (Abyss:3)
  A troll (D:10)
  A hornet (Lair:5)
  3 dream sheep
  2 wyverns
  A human (Lair:5)
  4 yaks
  An acid dragon (D:10)
  A warg (Orc:2)
  An orc warrior (Orc:2)
  An ogre (Bailey)
  A centaur (D:13)
  3 wights (D:9)
  7 killer bees
  2 jellies (Lair:5)
  A gnoll bouda (Lair:2)
  2 orc priests (Orc:2)
  An orc wizard (Orc:2)
  An orc (Orc:2)
  3 spectral weapons (Lair:5)
  16 starspawn tentacles
65 creatures vanquished.

Grand Total: 705 creatures vanquished

Notes
Turn   | Place    | Note
-------+----------+-------------------------------------------
     0 | D:5      | Reached skill level 9 in Stealth
     0 | D:5      | croobank the Gnoll Delver began the quest for the Orb.
     0 | D:5      | Reached XP level 1. HP: 23/23 MP: 1/1
   217 | D:5      | Noticed a jelly
   225 | D:5      | Killed a jelly
   226 | D:5      | Reached XP level 2. HP: 29/29 MP: 1/3
   226 | D:5      | Reached XP level 3. HP: 35/35 MP: 1/4
   353 | D:5      | Reached skill level 1 in Invocations
   409 | D:5      | Reached skill level 1 in Long Blades
   409 | D:5      | Reached skill level 1 in Axes
   409 | D:5      | Reached skill level 1 in Maces & Flails
   409 | D:5      | Reached skill level 1 in Polearms
   409 | D:5      | Reached skill level 1 in Staves
   409 | D:5      | Reached skill level 1 in Ranged Weapons
   409 | D:5      | Reached skill level 1 in Throwing
   409 | D:5      | Reached skill level 1 in Armour
   409 | D:5      | Reached skill level 1 in Shields
   409 | D:5      | Reached skill level 1 in Unarmed Combat
   409 | D:5      | Reached skill level 1 in Spellcasting
   409 | D:5      | Reached skill level 1 in Evocations
   687 | D:2      | Reached XP level 4. HP: 41/41 MP: 5/5
   787 | D:2      | Reached skill level 1 in Conjurations
   787 | D:2      | Reached skill level 1 in Hexes
   787 | D:2      | Reached skill level 1 in Summonings
   787 | D:2      | Reached skill level 1 in Necromancy
   787 | D:2      | Reached skill level 1 in Translocations
   787 | D:2      | Reached skill level 1 in Transmutations
   787 | D:2      | Reached skill level 1 in Fire Magic
   787 | D:2      | Reached skill level 1 in Ice Magic
   787 | D:2      | Reached skill level 1 in Air Magic
   787 | D:2      | Reached skill level 1 in Earth Magic
   787 | D:2      | Reached skill level 1 in Poison Magic
  1487 | D:1      | Reached XP level 5. HP: 47/47 MP: 7/7
  2345 | D:2      | Found a faded altar of an unknown god.
  3055 | D:3      | Found an ancient bone altar of Kikubaaqudgha.
  3359 | D:3      | Reached XP level 6. HP: 53/53 MP: 8/8
  3372 | D:3      | Noticed Sigmund
  3386 | D:3      | Reached skill level 5 in Short Blades
  3386 | D:3      | Reached skill level 5 in Dodging
  3406 | D:3      | Your ally Sigmund died
  3851 | D:4      | Reached XP level 7. HP: 60/60 MP: 10/10
  4256 | D:4      | Learned a level 3 spell: Mephitic Cloud
  4415 | D:4      | Identified the +8 sling of Tizoav {flame, Str+3 Dex+2}
  4457 | D:4      | Reached skill level 10 in Stealth
  4571 | D:4      | Found a shimmering altar of Xom.
  4573 | D:4      | Found a burning altar of Makhleb.
  4574 | D:4      | Found an opulent altar of Gozag.
  4575 | D:4      | Found a hide-covered altar of Uskayaw.
  4581 | D:4      | Became a worshipper of Gozag Ym Sagoz the Greedy
  5059 | D:5      | Reached XP level 8. HP: 49/67 MP: 12/12
  5309 | D:5      | Learned a level 3 spell: Summon Guardian Golem
  5899 | D:6      | Found Xuggeifu's Distillery.
  5903 | D:6      | Bought a potion of resistance for 120 gold pieces
  5903 | D:6      | Bought a potion of degeneration for 12 gold pieces
  5903 | D:6      | Bought a potion of mutation for 96 gold pieces
  5903 | D:6      | Bought a potion of might for 48 gold pieces
  5903 | D:6      | Bought a potion of berserk rage for 60 gold pieces
  5939 | D:6      | Noticed Grinder
  5941 | D:6      | Paralysed by Grinder for 4 turns
  5956 | D:6      | Killed Grinder
  6086 | D:6      | Bought a potion of flight for 36 gold pieces
  6279 | D:6      | Reached XP level 9. HP: 72/73 MP: 14/14
  7316 | D:6      | Found Maniu's Antique Armour Emporium.
  7320 | D:6      | Bought a shiny ring mail for 147 gold pieces
  7401 | D:7      | Found a flagged portal.
  7433 | D:7      | Learned a level 2 spell: Call Imp
  7436 | Bailey   | Entered a bailey
  7452 | Bailey   | Reached skill level 5 in Invocations
  7548 | Bailey   | Noticed a two-headed ogre
  7558 | Bailey   | Killed a two-headed ogre
  7559 | Bailey   | Reached skill level 5 in Long Blades
  7559 | Bailey   | Reached skill level 5 in Axes
  7559 | Bailey   | Reached skill level 5 in Maces & Flails
  7559 | Bailey   | Reached skill level 5 in Polearms
  7559 | Bailey   | Reached skill level 5 in Staves
  7559 | Bailey   | Reached skill level 5 in Ranged Weapons
  7559 | Bailey   | Reached skill level 5 in Throwing
  7559 | Bailey   | Reached skill level 5 in Armour
  7559 | Bailey   | Reached skill level 5 in Shields
  7559 | Bailey   | Reached skill level 5 in Unarmed Combat
  7559 | Bailey   | Reached skill level 5 in Spellcasting
  7559 | Bailey   | Reached skill level 5 in Evocations
  7559 | Bailey   | Reached XP level 10. HP: 66/81 MP: 8/17
  8125 | D:7      | Found a staircase to the Ecumenical Temple.
  8331 | D:7      | Reached skill level 11 in Stealth
  8557 | D:6      | Bought a potion of might for 48 gold pieces
  8649 | D:8      | Found Otaq's Antique Armour Emporium.
  8677 | D:8      | Found Viara Dau's Antique Weapon Shoppe.
  8886 | D:8      | Noticed Maurice
  8895 | D:8      | Killed Maurice
  8933 | D:8      | Found Ituequlu's Weapon Shoppe.
  8942 | D:8      | Bought a throwing net for 30 gold pieces
  8986 | D:8      | Found Nereiqal's Jewellery Shop.
  9291 | D:8      | Learned a level 3 spell: Call Canine Familiar
  9761 | D:9      | Found Cof Vuubb's Armour Boutique.
  9762 | D:9      | Found a staircase to the Orcish Mines.
  9762 | D:9      | Found Iroefis's Weapon Boutique.
 10065 | D:9      | Noticed a kobold demonologist
 10096 | D:9      | Noticed a soul eater
 10097 | D:9      | Identified a scroll of acquirement
 10098 | D:9      | Acquired a book of Touch
 10101 | D:9      | Noticed a sun demon
 10128 | D:9      | Killed a kobold demonologist
 10510 | D:9      | Reached skill level 5 in Conjurations
 10510 | D:9      | Reached skill level 5 in Hexes
 10510 | D:9      | Reached skill level 5 in Summonings
 10510 | D:9      | Reached skill level 5 in Necromancy
 10510 | D:9      | Reached skill level 5 in Translocations
 10510 | D:9      | Reached skill level 5 in Transmutations
 10510 | D:9      | Reached skill level 5 in Fire Magic
 10510 | D:9      | Reached skill level 5 in Ice Magic
 10510 | D:9      | Reached skill level 5 in Air Magic
 10510 | D:9      | Reached skill level 5 in Earth Magic
 10510 | D:9      | Reached skill level 5 in Poison Magic
 10643 | D:10     | Entered Level 10 of the Dungeon
 10657 | D:10     | Reached XP level 11. HP: 89/89 MP: 20/20
 10728 | D:10     | Identified the +6 rapier of Change {spect, rF+ rC+ Int+6
                  | SInv}
 11234 | D:10     | Identified the +3 leather armour of the Stopping Gods
                  | {rElec Dex+3 SInv}
 11919 | D:11     | Noticed a manticore
 11927 | D:11     | Killed a manticore
 12001 | D:11     | Noticed a cyclops
 12013 | D:11     | Killed a cyclops
 12092 | D:11     | Learned a level 2 spell: Blink
 12206 | D:11     | Found a staircase to the Lair.
 12251 | D:11     | Noticed a two-headed ogre
 12502 | D:11     | Killed a two-headed ogre
 13046 | D:11     | Found a hazy altar of Hepliaklqana.
 13059 | D:11     | Acquired the ring of Kiroosab {Fly rC+}
 13214 | D:11     | Reached XP level 12. HP: 35/97 MP: 22/22
 13556 | D:11     | Found a portal to a secret trove of treasure.
 13792 | D:8      | Bought a +4 ring of slaying for 1014 gold pieces
 13818 | Temple   | Entered the Ecumenical Temple
 13954 | D:11     | You paid a toll of a +4 ring of slaying to enter a treasure
                  | trove
 13955 | Trove    | Entered a treasure trove
 13988 | Trove    | Identified the amulet "Wohalir" {rN+ Regen+}
 13990 | Trove    | Identified the amulet "Ynemuu" {Acrobat Harm Dex+9}
 14017 | Trove    | Got the Disquisition on Topology
 14343 | Lair:1   | Entered Level 1 of the Lair of Beasts
 14355 | Lair:1   | Noticed Sonja
 14362 | Lair:1   | Killed Sonja
 14476 | Lair:1   | Reached skill level 12 in Stealth
 14835 | Lair:1   | Noticed Gastronok
 14840 | Lair:1   | Killed Gastronok
 14841 | Lair:1   | Reached skill level 10 in Fighting
 15931 | Lair:2   | Noticed an eight-headed hydra
 15938 | Lair:2   | Killed an eight-headed hydra
 16351 | Lair:2   | Noticed an eight-headed hydra
 16358 | Lair:2   | Killed an eight-headed hydra
 16732 | Lair:3   | Found a staircase to the Snake Pit.
 16997 | Lair:3   | Reached XP level 13. HP: 98/104 MP: 25/25
 17004 | Lair:3   | Noticed Fannar
 17049 | Lair:3   | Killed Fannar
 17188 | Lair:3   | Found a transporter.
 17188 | Lair:3   | Noticed Fiunamek's ghost (journeyman HOFi)
 17194 | Lair:3   | Found a transporter.
 17635 | Lair:3   | Found a staircase to the Shoals.
 18028 | Lair:4   | Found a gate leading to a gauntlet.
 18047 | Gauntlet | Entered a Gauntlet
 18047 | Gauntlet | Found a transporter.
 18056 | Gauntlet | Found a transporter.
 18058 | Gauntlet | Found a transporter.
 18060 | Gauntlet | Found a transporter.
 18075 | Gauntlet | Found a transporter.
 18092 | Gauntlet | Found a transporter.
 18098 | Gauntlet | Found a transporter.
 18104 | Gauntlet | Noticed an entropy weaver
 18115 | Gauntlet | Found a transporter.
 18156 | Gauntlet | Found a transporter.
 18165 | Gauntlet | Found a transporter.
 18183 | Gauntlet | Found a large runed translucent door.
 18184 | Gauntlet | Found a large runed translucent door.
 18185 | Gauntlet | Found a large runed translucent door.
 18185 | Gauntlet | Found a large runed translucent door.
 18186 | Gauntlet | Found a runed translucent gate.
 18187 | Gauntlet | Found a transporter.
 18187 | Gauntlet | Found a runed translucent gate.
 18188 | Gauntlet | Found a runed translucent gate.
 18189 | Gauntlet | Found a large runed translucent door.
 18189 | Gauntlet | Found a large runed translucent door.
 18190 | Gauntlet | Found a large runed translucent door.
 18191 | Gauntlet | Found a large runed translucent door.
 18194 | Gauntlet | Found a large runed translucent door.
 18194 | Gauntlet | Found a large runed translucent door.
 18194 | Gauntlet | Found a runed translucent door.
 18194 | Gauntlet | Found a runed translucent door.
 18195 | Gauntlet | Found a large runed translucent door.
 18196 | Gauntlet | Found a large runed translucent door.
 18198 | Gauntlet | Found a transporter.
 18217 | Gauntlet | Found a transporter.
 18218 | Gauntlet | Found a large runed translucent door.
 18218 | Gauntlet | Found a large runed translucent door.
 18231 | Gauntlet | Found a transporter.
 18246 | Gauntlet | Found a transporter.
 18248 | Gauntlet | Found a transporter.
 18293 | Gauntlet | Found a transporter.
 18322 | Gauntlet | Found a transporter.
 18326 | Gauntlet | Found a large runed translucent door.
 18327 | Gauntlet | Found a large runed translucent door.
 18347 | Gauntlet | Learned a level 3 spell: Confusing Touch
 18813 | Gauntlet | Learned a level 1 spell: Apportation
 18839 | Gauntlet | Identified the ring "Xogeu" {rElec rC+ rCorr SInv}
 18871 | Gauntlet | Noticed a minotaur
 18899 | Gauntlet | Killed a minotaur
 19226 | Gauntlet | Identified the ring "Zewiaxea" {rF+ rN+ Str+6}
 20323 | Lair:5   | Entered Level 5 of the Lair of Beasts
 20763 | Lair:5   | Reached skill level 10 in Short Blades
 20763 | Lair:5   | Reached skill level 10 in Dodging
 21310 | Lair:5   | Reached skill level 13 in Stealth
 21455 | Lair:5   | Reached skill level 10 in Invocations
 21455 | Lair:5   | Reached XP level 14. HP: 98/113 MP: 20/27
 21495 | Lair:5   | Noticed a dire elephant
 22093 | Lair:5   | Killed a dire elephant
 22232 | Lair:5   | Noticed Kirke
 22246 | Lair:5   | Killed Kirke
 22267 | Lair:5   | Noticed Urug
 22280 | Lair:5   | Killed Urug
 22482 | Lair:5   | Found a viscous altar of Jiyva.
 22482 | Lair:5   | Found a staircase to the Slime Pits.
 22924 | Lair:5   | Found a runed translucent door.
 22924 | Lair:5   | Noticed growler's ghost (journeyman TeAE)
 22929 | Lair:5   | Killed growler's ghost
 23220 | Lair:3   | Killed Fiunamek's ghost
 24576 | D:12     | Found a glowing golden altar of the Shining One.
 25041 | D:13     | Reached skill level 10 in Long Blades
 25041 | D:13     | Reached skill level 10 in Axes
 25041 | D:13     | Reached skill level 10 in Maces & Flails
 25041 | D:13     | Reached skill level 10 in Polearms
 25041 | D:13     | Reached skill level 10 in Staves
 25041 | D:13     | Reached skill level 10 in Ranged Weapons
 25041 | D:13     | Reached skill level 10 in Throwing
 25041 | D:13     | Reached skill level 10 in Armour
 25041 | D:13     | Reached skill level 10 in Shields
 25041 | D:13     | Reached skill level 10 in Unarmed Combat
 25041 | D:13     | Reached skill level 10 in Spellcasting
 25041 | D:13     | Reached skill level 10 in Evocations
 25046 | D:13     | Found a gate to the Vaults.
 25669 | D:13     | Reached XP level 15. HP: 118/120 MP: 29/29
 26278 | Orc:1    | Entered Level 1 of the Orcish Mines
 26496 | Orc:2    | Entered Level 2 of the Orcish Mines
 26915 | Orc:2    | Noticed an orc warlord
 27049 | Orc:2    | Paralysed by an orc sorcerer for 2 turns
 27236 | Orc:1    | Found Kemic's Overcharged Wands.
 27289 | Orc:2    | Learned a level 2 spell: Poisonous Vapours
 27301 | Orc:2    | Killed an orc warlord
 27596 | Orc:2    | Noticed an orc warlord
 27596 | Orc:2    | Noticed Nergalle
 28433 | Orc:1    | Killed an orc warlord
 29270 | Orc:2    | Killed Nergalle
 29344 | Orc:2    | Found Loithrest's General Store.
 29382 | Orc:2    | Found a staircase to the Elven Halls.
 29701 | Orc:2    | Found Lajuwu Maegg's Book Boutique.
 29716 | Orc:2    | Found Fiti's Antique Armour Boutique.
 29750 | Orc:2    | Found Oxemm's Antique Weapon Boutique.
 30028 | D:14     | Reached skill level 14 in Stealth
 30198 | D:14     | Found Gonauhash's Mayhem Merchandise.
 30710 | D:14     | Got the Handbook of Relocated Combat Magic
 31749 | D:15     | Entered Level 15 of the Dungeon
 31823 | D:15     | Found a staircase to the Depths.
 31846 | Abyss:2  | Cast into level 2 of the Abyss (a wizard)
 31860 | Abyss:2  | Found a corrupted altar of Lugonu.
 31873 | Abyss:2  | Found a corrupted altar of Lugonu.
 31882 | Abyss:2  | Found a corrupted altar of Lugonu.
 31882 | Abyss:2  | Found a corrupted altar of Lugonu.
 31945 | Abyss:3  | Gained mutation: You are weak. (Str -2) [a neqoxec]
 31971 | Abyss:3  | Noticed a tentacled starspawn
 32014 | Abyss:3  | Noticed a lich
 32212 | Abyss:4  | Reached XP level 16. HP: 87/129 MP: 30/30
 32314 | Abyss:4  | Found a transporter.
 32314 | Abyss:4  | Noticed a tentacled starspawn
 32316 | Abyss:4  | Found a corrupted altar of Lugonu.
 32317 | Abyss:4  | Noticed a lich
 32335 | Abyss:4  | Noticed a tentacled starspawn
 32335 | Abyss:4  | Noticed a tentacled starspawn
 32339 | Abyss:4  | Noticed a tentacled starspawn
 32340 | Abyss:4  | Paralysed by accursed screaming for 2 turns
 32345 | Abyss:4  | HP: 6/129 [starcursed mass/accursed screaming (26)]
 32345 | Abyss:4  | Paralysed by accursed screaming for 2 turns
 32347 | Abyss:4  | HP: 1/129 [starcursed mass/accursed screaming (30)]
 32347 | Abyss:4  | Slain by a starcursed mass

Illustrated notes

Levels and vault maps discovered:
D:1:      lightli_arrival_chessboard, layout_basic, dreamdust_wishing_well
D:2:      layout_basic, shapermc_ecumenical_altar_totnotflames,
          kennysheep_generic_room_6
D:3:      layout_loops_cross, mainiacjoe_overflow_24_doors, uniq_sigmund
D:4:      layout_basic, mainiacjoe_overflow_alcove_3, serial_bayou_ford_a
D:5:      layout_loops_corners
D:6:      cheibrodos_two_vegetables, layout_gridville, serial_shops,
          nicolae_shop_back_alley_shop, nicolae_shop_back_alley_shop,
          uniq_grinder
D:7:      layout_loops_cross, minmay_temple_entry_mist, enter_bailey_7
D:8:      layout_rooms, serial_shops, shop, shop, shop,
          nicolae_shop_bloodbath_and_beyond, uniq_maurice
D:9:      layout_roguey, orc_david_3
D:10:     layout_loops_ring
D:11:     layout_basic, dpeg_oklobed_lair, nicolae_trove_entry_path_of_doom,
          nicolae_hepliaklqana_monster_ancestors
D:12:     layout_loops_corners, tso_altar
D:13:     layout_gridville, david_vaults_1, st_stairs_7
D:14:     minmay_opposing_rooms, layout_stronghold, skrybe_limestone_x,
          minmay_shop_mayhem, lightli_wizard_tower
D:15:     grunt_enter_depths_magical_seal, layout_irregular_city,
          chequers_big_river, nicolae_sif_muna_little_library, uniq_louise
Temple:   bh_familiar_temple
Lair:1:   layout_layer_cave, grunt_megastairs_4, uniq_gastronok, uniq_sonja
Lair:2:   layout_regular_city, dreamdust_gnoll_shepherd
Lair:3:   layout_gridlike, elwin_shoals_entry_rocks,
          nicolae_snake_entry_warm_welcome, gammafunk_ghost_arena,
          dreamdust_deal_with_the_devil, chequers_serial_rivers_large_b,
          serial_bayou_pond_c, uniq_fannar
Lair:4:   layout_cave_pods, gauntlet_entry_generic
Lair:5:   gammafunk_lair_ancient_temple, layout_long_grid,
          minmay_slime_entry_jelly_boxes, gammafunk_ghost_grave,
          grunt_forest_stairs_basic, uniq_kirke, uniq_urug
Orc:1:    layout_caves, nicolae_shop_overcharged_wands
Orc:2:    grunt_orc_cross, layout_caves, basic_altar, mines4_lemuel
Abyss:4:  base: D:14, spicy_abyss_pitcher_plant, bh_silent_lugonu_exit,
          gammafunk_corrupted_shrine, gammafunk_abyss_rune_reverse_zot,
          evilmike_abyss_exit_chaos, hangedman_abyss_or_decor_slice

Skill      XL: |  1  2  3  4  5  6  7  8  9 10 11 12 13 14 15 |
---------------+----------------------------------------------+-----
Stealth        | 10 11 12 13 14 | 14.2
Invocations    | 1 2 3 4 5 6 7 8 10 11 | 11.8
Long Blades    | 1 2 3 5 6 7 8 9 10 | 10.9
Axes           | 1 2 3 5 6 7 8 9 10 | 10.9
Maces & Flails | 1 2 3 5 6 7 8 9 10 | 10.9
Polearms       | 1 2 3 5 6 7 8 9 10 | 10.9
Staves         | 1 2 3 5 6 7 8 9 10 | 10.9
Ranged Weapons | 1 2 3 5 6 7 8 9 10 | 10.9
Throwing       | 1 2 3 5 6 7 8 9 10 | 10.9
Armour         | 1 2 3 5 6 7 8 9 10 | 10.9
Shields        | 1 2 3 5 6 7 8 9 10 | 10.9
Unarmed Combat | 1 2 3 5 6 7 8 9 10 | 10.9
Spellcasting   | 1 2 3 5 6 7 8 9 10 | 10.9
Evocations     | 1 2 3 5 6 7 8 9 10 | 10.9
Conjurations   | 1 2 3 4 5 6 7 8 9 |  9.2
Hexes          | 1 2 3 4 5 6 7 8 9 |  9.2
Summonings     | 1 2 3 4 5 6 7 8 9 |  9.2
Necromancy     | 1 2 3 4 5 6 7 8 9 |  9.2
Translocations | 1 2 3 4 5 6 7 8 9 |  9.2
Transmutations | 1 2 3 4 5 6 7 8 9 |  9.2
Fire Magic     | 1 2 3 4 5 6 7 8 9 |  9.2
Ice Magic      | 1 2 3 4 5 6 7 8 9 |  9.2
Air Magic      | 1 2 3 4 5 6 7 8 9 |  9.2
Earth Magic    | 1 2 3 4 5 6 7 8 9 |  9.2
Poison Magic   | 1 2 3 4 5 6 7 8 9 |  9.2
Short Blades   | 5 6 7 8 9 10 11 | 11.8
Dodging        | 5 6 7 8 9 10 11 | 11.8
Fighting       | 7 8 9 10 11 12 | 12.6

Action                     |  1- 3 |  4- 6 |  7- 9 | 10-12 | 13-15 | 16-18 || total
---------------------------+-------+-------+-------+-------+-------+-------++-------
  Melee: Short sword       |    55 |   216 |    33 |    42 |       |       ||   346
         Bite              |     8 |    19 |     6 |    35 |   185 |       ||   253
         Punch             |     1 |     2 |       |    20 |    33 |       ||    56
         Dagger            |       |       |     9 |     2 |       |       ||    11
         Unarmed           |       |       |       |    46 |       |       ||    46
         War axe           |       |       |       |    32 |       |       ||    32
         Rapier            |       |       |       |   110 |   665 |       ||   775
         Broad axe         |       |       |       |       |   247 |       ||   247
         Scimitar          |       |       |       |       |    85 |       ||    85
   Fire: Sling             |       |       |   138 |   287 |       |       ||   425
  Throw: Dart              |       |     8 |     3 |       |     2 |       ||    13
         Javelin           |       |       |       |       |     8 |       ||     8
   Cast: Mephitic Cloud    |       |       |     4 |    15 |    40 |       ||    59
         Summon Guardian G |       |       |     1 |    29 |    39 |       ||    69
         Call Imp          |       |       |     1 |    13 |    14 |       ||    28
         Call Canine Famil |       |       |       |    23 |    39 |       ||    62
         Blink             |       |       |       |     1 |     4 |       ||     5
         Confusing Touch   |       |       |       |       |    81 |       ||    81
         Apportation       |       |       |       |       |     1 |       ||     1
         Poisonous Vapours |       |       |       |       |     2 |       ||     2
 Invoke: Potion Petition   |       |       |       |       |     1 |     3 ||     4
  Evoke: Wand              |       |     2 |       |     2 |     6 |       ||    10
    Use: Potion            |     2 |     1 |       |     2 |    11 |       ||    16
         Scroll            |       |    15 |     7 |     6 |    13 |     1 ||    42
   Stab: Sleeping          |     3 |    23 |     8 |    15 |    12 |       ||    61
         Betrayed ally     |       |     1 |       |       |       |       ||     1
         Distracted        |       |       |       |     3 |    34 |       ||    37
         Confused          |       |       |       |     2 |    76 |       ||    78
         Invisible         |       |       |       |       |     3 |       ||     3
 Armour: Leather armour    |     4 |    45 |       |    13 |   122 |       ||   184
         Ring mail         |       |       |    18 |     1 |       |       ||    19
         Quicksilver drago |       |       |       |   100 |    73 |    10 ||   183
         Ice dragon scales |       |       |       |       |    86 |       ||    86
  Dodge: Dodged            |    22 |    95 |    37 |   307 |   898 |    16 ||  1375
         Repelled          |       |       |       |       |    11 |     1 ||    12
  Block: Buckler           |       |       |       |       |   284 |     9 ||   293
